 Dungeon Crawl Stone Soup version 0.29-a0-322-g68df515428 (webtiles) character file.

Game seed: 17066056832910150591

299 drugrobin the Chopper (level 5, -2/46 HPs)
             Began as a Demigod Fighter on Apr 10, 2022.
             Killed by nerve-wracking pain
             ... invoked by an orc priest
              (8 damage)
             ... on level 3 of the Dungeon.
             The game lasted 00:05:56 (3704 turns).

drugrobin the Chopper (Demigod Fighter)             Turns: 3704, Time: 00:05:57

Health: -2/46      AC:  8    Str: 21    XL:     5   Next: 89%
Magic:  7/7        EV:  7    Int: 10    God:
Gold:   136        SH:  4    Dex: 13    Spells: 4/4 levels left

rFire   . . .      SeeInvis .   a - +1 hand axe (freeze)
rCold   . . .      Faith    .   n - +0 buckler
rNeg    . . .      Spirit   .   s - +0 chain mail
rPois   +          Reflect  .   (no helmet)
rElec   .          Harm     .   (no cloak)
rCorr   .          Rampage  .   (no gloves)
Will    .....                   (no boots)
Stlth   ..........              (no amulet)
HPRegen 0.15/turn               o - ring of poison resistance
MPRegen 0.10/turn               (no ring)

@: no status effects
A: high MP 1, forlorn, divine attributes
a: no special abilities


You were on level 3 of the Dungeon.
You visited 1 branch of the dungeon, and saw 4 of its levels.

You collected 136 gold pieces.

Inventory:

Hand Weapons
 a - a +1 hand axe of freezing (weapon)
 b - a +0 hunting sling of freezing
 c - a +0 war axe
Missiles
 l - 2 poisoned darts
Armour
 h - a +0 scale mail
 n - a +0 buckler (worn)
 s - a +0 chain mail (worn)
Jewellery
 o - a ring of poison resistance (left hand)
Scrolls
 e - 3 scrolls of torment {unknown}
 f - 2 scrolls of identify {unknown}
 g - 2 scrolls of noise {unknown}
 i - a scroll of fog {unknown}
 q - a scroll of amnesia {unknown}
 t - a scroll of teleportation {unknown}
Potions
 d - a potion of might
 j - a potion of resistance {unknown}
 k - a potion of curing {unknown}
 m - a potion of ambrosia {unknown}
 p - a potion of cancellation {unknown}
 r - a potion of attraction {unknown}


   Skills:
 + Level 4.2 Fighting
 * Level 5.0 Axes
 - Level 2.6 Armour
 - Level 2.6 Shields


You had 4 spell levels left.
You didn't know any spells.
Your spell library contained the following spells:

 Spells                   Type           Power      Damage    Failure   Level
 Sublimation of Blood     Necr           0%         N/A       100%        2
 Wereblood                Tmut           0%         N/A       100%        2
 Ozocubu's Armour         Ice            0%         N/A       100%        3
 Ozocubu's Refrigeration  Ice            0%         4d5       100%        7
 Summon Hydra             Summ           0%         N/A       100%        7


Dungeon Overview and Level Annotations

Branches:
Dungeon (4/15)             Temple (0/1) D:4

Annotations:
D:3 3 runed translucent doors, bande's ghost, amateur GrFi


Innate Abilities, Weirdness & Mutations

You have an increased reservoir of magic. (+10% MP)
You shall have no god before yourself.
Your divine heritage dramatically boosts your attributes as you level up.


Message History

Your +0 hunting sling of freezing is covered in frost.
b - a +0 hunting sling of freezing (weapon)
Fire: b) +0 hunting sling (freeze)
Press: ? - help, Q - select action, (/) - cycle Shift-Dir - straight line, f - orc priest
Aim: an orc priest, wielding a +0 club and wearing a +0 leather armour (56% to hit)
You shoot a sling bullet.
The sling bullet closely misses the orc priest.
Unknown command.
Unknown command.
Unknown command.
Unknown command.
Unknown command.
The orc barely misses you.
There is a stone staircase leading up here.
Unknown command.
Unknown command.
The orc closely misses you.
The orc priest invokes the aid of Beogh against you.
Beogh smites you!
You climb upwards.
Level annotation: 3 runed translucent doors, bande's ghost, amateur GrFi
There is a stone staircase leading down here.
Unknown command.
Unknown command.
Your +0 hunting sling of freezing stops glowing.
Your +1 hand axe of freezing glows with a cold blue light!
a - a +1 hand axe of freezing (weapon)
The orc hits you with a +0 trident!
The orc priest invokes the aid of Beogh against you.
Beogh smites you!
* * * LOW HITPOINT WARNING * * *
Unknown command.
Okay, then.
Unknown command.
You closely miss the orc priest. You closely miss the orc.
The orc hits you with a +0 trident.
* * * LOW HITPOINT WARNING * * *
The orc priest calls down the wrath of Beogh upon you.
Pain shoots through your body!
You die...

#....##.#..# #........#
# #..#..####.#
#........#######
#..##..# #.#
#.###.##........
..###..# #.# #.#
#.###.##.###
..###..###.### #.###.#
#.##.... .####..#...).#
#.....###.######
#####....#.#.#
#.###.##..# #.#
##...#.#.#####.###.##)##
#.#
##..#.....o@o.....##<#
#.#
####..######.######)#
#.#### #..# #.# #.#
#....# #..# #.# #.#
####.# #..# ###.######.#
#.# #..# #........[.#
#.# #########.#.########
#.###.8∩8∩##..#.#
#.##.$.....####.#


You could see an orc priest and an orc.

Vanquished Creatures
  A centaur (D:3)
  A phantom (D:4)
  An iguana (D:4)
  An orc wizard (D:3)
  3 adders
  3 dart slugs
  7 orcs
  6 endoplasms
  4 giant cockroaches
  2 goblins
  9 hobgoblins
  8 kobolds
  A quokka (D:1)
  6 ball pythons
  5 bats
  4 frilled lizards
  4 rats
66 creatures vanquished.

Notes
Turn   | Place    | Note
-------+----------+-------------------------------------------
     0 | D:1      | drugrobin the Demigod Fighter began the quest for the Orb.
     0 | D:1      | Reached XP level 1. HP: 18/18 MP: 3/3
   155 | D:1      | Reached skill level 2 in Axes
   507 | D:1      | Reached XP level 2. HP: 23/25 MP: 4/4
  1136 | D:2      | Reached skill level 3 in Axes
  1136 | D:2      | Reached XP level 3. HP: 18/31 MP: 5/5
  1868 | D:3      | Reached XP level 4. HP: 19/38 MP: 6/6
  2349 | D:3      | Found a runed translucent gate.
  2349 | D:3      | Found a runed translucent gate.
  2349 | D:3      | Found a runed translucent gate.
  2350 | D:3      | Noticed an ogre
  2350 | D:3      | Noticed bande's ghost (amateur GrFi)
  2350 | D:3      | Noticed a sky beast
  2901 | D:3      | Noticed a centaur
  2919 | D:3      | Killed a centaur
  2920 | D:3      | Reached skill level 4 in Axes
  2920 | D:3      | Reached XP level 5. HP: 13/46 MP: 7/7
  3286 | D:4      | Found a staircase to the Ecumenical Temple.
  3693 | D:3      | Reached skill level 5 in Axes
  3704 | D:3      | Killed from afar by an orc priest

Illustrated notes

Levels and vault maps discovered:
D:1:      heliophobic_arrival_henge, layout_loops_ring,
          shapermc_ecumenical_altar_totnotflames
D:2:      layout_basic
D:3:      layout_loops_ring, ebering_ghost_gozag, hangedman_glass_teeth
D:4:      layout_rooms, minmay_temple_entry_from_below_b

Skill      XL: |  1  2  3  4  5 |
---------------+----------------+-----
Axes           | 2 3 4 5 |  5.0
Fighting       | 3 4 |  4.2
Armour         | |  2.6
Shields        | |  2.6

Action                   |  1- 3 |  4- 6 || total
-------------------------+-------+-------++-------
Melee: War axe           |    77 |    17 ||    94
       Hand axe          |     6 |    76 ||    82
 Fire: Hunting sling     |    20 |     9 ||    29
Armor: Scale mail        |    42 |    28 ||    70
       Chain mail        |       |    12 ||    12
Dodge: Dodged            |    40 |    33 ||    73
Block: Buckler           |    29 |    15 ||    44

Table legend: (Time is in decaauts)
 A = Elapsed time spent in this place.
 B = Non-inter-level travel time spent in this place.
 C = Inter-level travel time spent in this place.
 D = Time resting spent in this place.
 E = Time spent auto-exploring this place.
 F = Levels seen in this place.
 G = Mean time per level.
                   A        B        C        D        E       F      G
               +--------+--------+--------+--------+--------+-----+--------+
         Total |   3763 |   3709 |     54 |    762 |   2233 |   4 |  940.8 |
       Dungeon |   3763 |   3709 |     54 |    762 |   2233 |   4 |  940.8 |
               +--------+--------+--------+--------+--------+-----+--------+

Top non-repeatable levels by time:
     D:3: 1289 daAuts
     D:2: 1135 daAuts
     D:1: 979 daAuts
     D:4: 359 daAuts
